 Dungeon Crawl Stone Soup version 0.30-a0-462-gd5975efbca (webtiles) character file.

Game seed: 751988167305541831

1121 Ijustatesigmund the Magician (level 8, -5/48 HPs)
             Began as a Gargoyle Earth Elementalist on Dec 16, 2022.
             Slain by a gnoll bouda
             ... wielding a +0 whip
              (8 damage)
             ... on level 6 of the Dungeon.
             The game lasted 00:13:51 (5213 turns).

Ijustatesigmund the Magician (GrEE)                 Turns: 5213, Time: 00:13:53

Health: -5/48      AC:  8    Str: 18    XL:     8   Next: 34%
Magic:  15/15      EV: 12    Int: 18    God:
Gold:   295        SH:  0    Dex: 12    Spells: 13/17 levels left

rFire   . . .      SeeInvis .    d - +2 dire flail (protect)
rCold   . . .      Faith    .    (shield currently unavailable)
rNeg    + . .      Spirit   .    a - +0 robe
rPois   ∞          Reflect  .    (no helmet)
rElec   +          Harm     .    t - +0 cloak
rCorr   .          Rampage  .    (no gloves)
Will    .....                    (no boots)
Stlth   +++.......               s - amulet of the acrobat
HPRegen 0.28/turn                h - +6 ring of strength
MPRegen 0.14/turn                (no ring)

@: weakened
A: sickness immunity, AC +5, negative energy resistance 1, electricity
resistance, torment resistance 1, petrification resistance, thin skeletal
structure 1, mutation resistance 1
a: no special abilities


You were on level 6 of the Dungeon.
You visited 2 branches of the dungeon, and saw 7 of its levels.
You also visited: Ossuary.

You collected 295 gold pieces.

Inventory:

Hand Weapons
 d - a +2 dire flail of protection (weapon)
 g - a +1 mace of flaming
Armour
 a - a +0 robe (worn)
 t - a +0 cloak (worn)
Jewellery
 h - a +6 ring of strength (left hand)
 s - an amulet of the acrobat (around neck)
Wands
 r - a wand of light (3)
Scrolls
 e - 2 scrolls of fog
 f - 4 scrolls of teleportation
 l - a scroll of enchant weapon
 v - a scroll of torment
Potions
 b - 2 potions of magic
 c - 3 potions of haste
 j - a potion of heal wounds
 k - a potion of flight
 m - a potion of curing
 n - 2 potions of might
 o - 2 potions of lignification {unknown}
 p - a potion of attraction {unknown}
 q - a potion of ambrosia
 u - 3 potions of mutation
 w - a potion of degeneration {unknown}


   Skills:
 + Level 4.6 Fighting
 + Level 4.2 Maces & Flails
 - Level 1.5 Dodging
 - Level 2.1 Stealth
 + Level 5.0 Spellcasting
 + Level 4.6 Conjurations
 - Level 0.7 Transmutations
 - Level 4.6 Earth Magic


You had 13 spell levels left.
You knew the following spells:

 Your Spells              Type           Power      Damage    Failure   Level
a - Sandblast             Erth           42%        2d11      1%          1
b - Stone Arrow           Conj/Erth      42%        3d9       6%          3

Your spell library contained the following spells:

 Spells                   Type           Power      Damage    Failure   Level
 Passwall                 Tmut/Erth      11%        N/A       7%          2
 Apportation              Tloc           8%         N/A       13%         1
 Necrotise                Necr           16%        1d4       13%         1
 Summon Small Mammal      Summ           16%        N/A       13%         1
 Ozocubu's Armour         Ice            4%         N/A       36%         3
 Petrify                  Tmut/Erth      14%        N/A       41%         4
 Ozocubu's Refrigeration  Ice            2%         4d7       100%        7


Dungeon Overview and Level Annotations

Branches:
Dungeon (6/15)             Temple (1/1) D:5         Ossuary (visited)

Altars:
Ashenzari
Dithmenos
Elyvilon
Fedhas
Kikubaaqudgha
Makhleb
Nemelex Xobeh
Okawaru
Qazlal
Ru
Uskayaw
Vehumet
Wu Jian
Xom
Yredelemnul
Zin
The Shining One

Shops:
D:4 !   D:6 (

Annotations:
D:5 2 runed translucent doors


Innate Abilities, Weirdness & Mutations

You are immune to sickness and miasma.
Your stone body is resilient. (AC +5)
You are immune to poison.
You resist negative energy. (rN+)
You are resistant to electric shocks. (rElec)
You are resistant to unholy torment.
You are immune to petrification.
You have a somewhat thin skeletal structure. (Dex +2, Stealth+)
You are somewhat resistant to further mutation.


Message History

You are held in a net!
You are held in a net!
You are held in a net!
You are held in a net!
Unknown command.
You are held in a net!
You are held in a net!
You are held in a net!
You are held in a net!
You are held in a net!
You are held in a net!
You are held in a net!
You are held in a net!
You are held in a net!
You tear a large gash into the net.
The gnoll barely misses you. The gnoll hits you with a +0 spear.
The gnoll hits you but does no damage.
You struggle against the net.
The gnoll hits you with a +0 flail. The gnoll completely misses you.
The gnoll hits you but does no damage. x2
You rip the net and break free!
The gnoll hits you with a +0 flail. The gnoll hits you but does no damage.
The gnoll hits you with a +0 spear.
The gnoll hits you from afar with a +0 spear.
You closely miss the gnoll.
The gnoll is severely wounded.
The gnoll hits you but does no damage. The gnoll hits you with a +0 flail!
The gnoll misses you.
The gnoll hits you from afar with a +0 spear.
The gnoll hits you but does no damage.
You barely miss the gnoll bouda. The gnoll hits you but does no damage.
The gnoll hits you with a +0 spear!
* * * LOW HITPOINT WARNING * * *
The gnoll bouda closely misses you. The gnoll closely misses you.
The gnoll hits you but does no damage.
You barely miss the gnoll bouda. The gnoll hits you with a +0 flail!
* * * LOW HITPOINT WARNING * * *
The gnoll misses you. The gnoll hits you with a +0 spear.
* * * LOW HITPOINT WARNING * * *
The gnoll bouda gazes fiercely through you!
You feel your attacks grow feeble.
The gnoll bouda hits you with a +0 whip!
You die...

#.#.#.#.#
#.#..∩#.#
#.#####.#######
#.............#
#######.#####.#
#.# #.####
#####.g..#
#...g@g..#
#.###gg..#
...g.=...
##......##
#......#
#......#
#....#.#
####...#


You could see a gnoll bouda and 5 gnolls.

Vanquished Creatures
  Grinder (D:4)
  Edmund (D:4)
  A phantom (D:5)
  2 centaurs
  An elf zombie (Ossuary)
  A howler monkey (D:3)
  2 hounds (D:4)
  4 human zombies
  An orc priest (D:5)
  A human skeleton (D:4)
  An iguana (D:4)
  Natasha (twice) (D:3)
  2 mummies (Ossuary)
  3 adders
  An ufetubus (D:4)
  3 adder zombies (Ossuary)
  A worm (D:4)
  2 dart slugs
  11 orcs
  6 ball pythons
  7 bats
  5 endoplasms
  4 giant cockroaches
  4 goblins
  2 hobgoblins
  7 jackals
  5 kobolds
  4 quokkas
  2 frilled lizards (D:1)
  2 goblin zombies (Ossuary)
  11 hobgoblin zombies (Ossuary)
  8 kobold zombies (Ossuary)
  3 orc skeletons (D:4)
  8 orc zombies (Ossuary)
  4 rats
123 creatures vanquished.

Vanquished Creatures (others)
  2 plants (D:5)
2 creatures vanquished.

Grand Total: 125 creatures vanquished

Notes
Turn   | Place    | Note
-------+----------+-------------------------------------------
     0 | D:1      | Ijustatesigmund the Gargoyle Earth Elementalist began the
                  | quest for the Orb.
     0 | D:1      | Reached XP level 1. HP: 10/10 MP: 3/3
   313 | D:1      | Reached XP level 2. HP: 15/15 MP: 3/5
   915 | D:1      | Reached XP level 3. HP: 19/19 MP: 4/6
  1946 | D:3      | Learned a level 3 spell: Stone Arrow
  2002 | D:3      | Noticed a centaur
  2006 | D:3      | Killed a centaur
  2007 | D:3      | Reached skill level 1 in Fighting
  2007 | D:3      | Reached skill level 1 in Maces & Flails
  2007 | D:3      | Reached skill level 3 in Spellcasting
  2007 | D:3      | Reached skill level 1 in Conjurations
  2007 | D:3      | Reached XP level 4. HP: 16/25 MP: 1/8
  2007 | D:3      | Reached XP level 5. HP: 19/29 MP: 1/9
  2185 | D:3      | Noticed Natasha
  2193 | D:3      | Killed Natasha
  2731 | D:3      | Noticed Natasha
  2745 | D:3      | Killed Natasha
  2884 | D:3      | Reached XP level 6. HP: 35/35 MP: 4/11
  3017 | D:4      | Noticed Edmund
  3081 | D:4      | Killed Edmund
  3180 | D:4      | Reached skill level 4 in Spellcasting
  3180 | D:4      | Reached XP level 7. HP: 37/41 MP: 11/13
  3195 | D:4      | Found a sand-covered staircase.
  3210 | Ossuary  | Entered an ossuary
  3803 | D:4      | Found Kaykh's Distillery.
  3957 | D:4      | HP: 2/42 [orc/+2 flail of protection (7)]
  3958 | D:4      | Gained mutation: You have a somewhat thin skeletal
                  | structure. (Dex +2, Stealth+) [potion of mutation]
  3958 | D:4      | Gained mutation: You are somewhat resistant to further
                  | mutation. [potion of mutation]
  4110 | D:4      | Noticed Grinder
  4123 | D:4      | Killed Grinder
  4124 | D:4      | Reached XP level 8. HP: 44/48 MP: 13/15
  4519 | D:5      | Entered Level 5 of the Dungeon
  4574 | D:5      | Reached skill level 5 in Spellcasting
  4724 | D:5      | Found an ornate altar of the Wu Jian Council.
  4906 | D:5      | Found a large runed translucent door.
  4906 | D:5      | Found a large runed translucent door.
  4913 | D:5      | Found a staircase to the Ecumenical Temple.
  4934 | Temple   | Entered the Ecumenical Temple
  5183 | D:6      | Found Garup's Weapon Emporium.
  5213 | D:6      | Slain by a gnoll bouda

Illustrated notes

Levels and vault maps discovered:
D:1:      dpeg_arrival_tiny_d, layout_loops_corners
D:2:      layout_basic
D:3:      layout_basic, uniq_natasha
D:4:      layout_loops_ring, serial_shops, shop,
          nicolae_ossuary_entry_catacombs, uniq_edmund, uniq_grinder
D:5:      due_chaos_kobolds, layout_loops_ring,
          nicolae_wu_jian_immortal_techniques,
          minmay_temple_entry_gardened_gates, serial_bayou_pond_e
D:6:      layout_basic, nicolae_gozag_seed_capital, gup_sewer_entry_spiral,
          serial_shops, kennysheep_mini, shop_fountains, shop,
          nicolae_shop_stone, nicolae_shop_bloodbath_and_beyond, serial_glass,
          glass_columns_a, glass_columns_b, uniq_crazy_yiuf_cottage
Temple:   nicolae_temple_slightly_damp_pantheon

Skill      XL: |  1  2  3  4  5  6  7  8 |
---------------+-------------------------+-----
Earth Magic    | 4 |  4.6
Fighting       | 1 2 3 4 |  4.6
Maces & Flails | 1 2 4 |  4.2
Spellcasting   | 3 4 5 |  5.0
Conjurations   | 1 2 3 4 |  4.6
Dodging        | |  1.5
Stealth        | |  2.1
Transmutations | |  0.7

Action                   |  1- 3 |  4- 6 |  7- 9 || total
-------------------------+-------+-------+-------++-------
Melee: Mace              |     4 |    24 |       ||    28
       Dire flail        |       |    20 |   240 ||   260
 Cast: Sandblast         |    43 |    25 |     3 ||    71
       Stone Arrow       |     1 |     6 |       ||     7
  Use: Scroll            |       |     7 |     6 ||    13
       Potion            |       |       |     4 ||     4
 Stab: Sleeping          |     1 |       |     3 ||     4
Armor: Robe              |     5 |    30 |   163 ||   198
Dodge: Dodged            |     5 |    38 |   197 ||   240

Table legend: (Time is in decaauts)
 A = Elapsed time spent in this place.
 B = Non-inter-level travel time spent in this place.
 C = Inter-level travel time spent in this place.
 D = Time resting spent in this place.
 E = Time spent auto-exploring this place.
 F = Levels seen in this place.
 G = Mean time per level.
                   A        B        C        D        E       F      G
               +--------+--------+--------+--------+--------+-----+--------+
         Total |   5271 |   5026 |    245 |    340 |   3698 |   8 |  658.9 |
       Dungeon |   4611 |   4386 |    225 |    241 |   3435 |   6 |  768.5 |
        Temple |    182 |    163 |     19 |      0 |    147 |   1 |  182.0 |
       Ossuary |    477 |    477 |      0 |     99 |    116 |   1 |  477.0 |
               +--------+--------+--------+--------+--------+-----+--------+

Top non-repeatable levels by time:
     D:1: 1103 daAuts
     D:4: 1058 daAuts
     D:3: 1035 daAuts
     D:2: 900 daAuts
     D:5: 483 daAuts
 Ossuary: 477 daAuts
  Temple: 182 daAuts
     D:6: 31 daAuts
